 Dungeon Crawl Stone Soup version 0.31-a0-559-g03b8d61ab2 (webtiles) character file.

Game seed: 16281538747041593829

256 AdnanSaban the Covered (level 6, 0/38 HPs)
             Began as a Gargoyle Fighter on Aug 17, 2023.
             Slain by a river rat (5 damage)
             ... in a sewer.
             The game lasted 00:03:40 (3349 turns).

AdnanSaban the Covered (Gargoyle Fighter)           Turns: 3349, Time: 00:03:40

Health: 0/38       AC: 15    Str: 22    XL:     6   Next: 15%
Magic:  6/6        EV: 10    Int:  8    God:
Gold:   307        SH:  4    Dex:  9    Spells: 5/5 levels left

rFire   . . .        a - +0 flail
rCold   . . .        c - +0 buckler
rNeg    + . .        b - +0 scale mail
rPois   ∞            l - +0 helmet
rElec   +            t - +0 cloak
rCorr   .            k - +0 pair of gloves
SInv    .            (no boots)
Will    .....        (no amulet) Stlth
                     (no ring)
HPRegen 0.26/turn    (no ring)
MPRegen 0.10/turn

%: no passive effects
@: no status effects
A: sickness immunity, AC +4, negative energy resistance 1, electricity
resistance, torment resistance 1, petrification resistance
a: no special abilities


You were in a sewer.
You visited 1 branch of the dungeon, and saw 4 of its levels.
You also visited: Sewer.

You collected 307 gold pieces.

Inventory:

Hand Weapons
 a - a +0 flail (weapon)
Missiles
 j - 2 poisoned darts
Armour
 b - a +0 scale mail (worn)
 c - a +0 buckler (worn)
 k - a +0 pair of gloves (worn)
 l - a +0 helmet (worn)
 t - a +0 cloak (worn)
Scrolls
 e - a scroll of blinking {unknown}
 f - a scroll of enchant armour {unknown}
 g - 3 scrolls of identify {unknown}
 h - a scroll of fear {unknown}
 i - a scroll of poison {unknown}
 m - 2 scrolls of enchant weapon {unknown}
 q - a scroll of silence {unknown}
 r - a scroll of teleportation {unknown}
Potions
 d - a potion of might
 n - a potion of magic {unknown}
 o - 5 potions of enlightenment
 p - a potion of degeneration {unknown}
 s - a potion of curing {unknown}
 u - a potion of brilliance {unknown}


   Skills:
 + Level 4.1 Fighting
 + Level 3.8 Maces & Flails
 + Level 4.7 Armour
 + Level 1.4 Dodging
 + Level 0.2 Stealth
 + Level 4.0 Shields


You had 5 spell levels left.
You didn't know any spells.
Your spell library contained the following spells:

 Spells                   Type           Power      Damage    Failure   Level
 Ensorcelled Hibernation  Hex/Ice        0%         N/A       90%         2
 Tukima's Dance           Hex            0%         N/A       99%         3
 Anguish                  Hex/Necr       0%         N/A       100%        4
 Passage of Golubria      Tloc           0%         N/A       100%        4
 Yara's Violent Unravell  Hex/Tmut       0%         3d3       100%        5


Dungeon Overview and Level Annotations

Branches:
Dungeon (4/15)              Sewer (1/1)
 Temple: D:4-7

Altars:
Makhleb
Trog
Vehumet


Innate Abilities, Weirdness & Mutations

You are immune to sickness and miasma.
Your stone body is resilient. (AC +4)
You are immune to poison.
You resist negative energy. (rN+)
You are resistant to electric shocks. (rElec)
You are resistant to unholy torment.
You are immune to petrification.


Message History

The river rat attacks as you move away! The river rat bites you.
* * * LOW HITPOINT WARNING * * *
The river rat attacks as you move away! The river rat closely misses you.
The river rat barely misses you. The river rat attacks as you move away!
The river rat closely misses you.
There is a large open door, spattered with blood here.
The river rat bites you but does no damage.
The river rat bites you but does no damage.
You are too injured to fight recklessly!
You are too injured to fight recklessly!
You are too injured to fight recklessly!
You hit the river rat.
The river rat is moderately wounded.
You block the river rat's attack.
The river rat bites you but does no damage.
The river rat closely misses you.
You hit the river rat but do no damage.
The river rat is moderately wounded.
The river rat bites you.
* * * LOW HITPOINT WARNING * * *
The river rat bites you but does no damage.
You hit the river rat.
The river rat is almost dead.
You block the river rat's attack.
The river rat bites you but does no damage.
You closely miss the river rat.
The river rat is almost dead.
The river rat bites you but does no damage. x2
You closely miss the river rat.
The river rat is almost dead.
The river rat barely misses you.
The river rat bites you but does no damage.
You block the river rat's attack.
The river rat bites you but does no damage.
You closely miss the river rat.
The river rat is almost dead.
The river rat bites you.
* * * LOW HITPOINT WARNING * * *
The river rat bites you.
You die...

#~≈.# #..###
#~≈~# #..#.#
#~≈~# +..'.#
#~≈~# +..'.#
#~≈~# #..#.#
#~≈~# #..# #
#~≈~# #..#
#~≈~####..###
#~≈~##@#..#.#
#~≈~##rr†.'.#
#.≈~##r'..'.#
#~≈.##.#..#.#
#.≈.####.~###
#~≈~# #~~# #~≈.#
#.~# ~
#.≈~####~~####~≈~
#~≈~~~~~~~~~~~~.~


You could see 3 river rats.

Vanquished Creatures
  Robin (D:2)
  3 gnolls (D:3)
  11 adders
  A river rat (D:4)
  A white imp (D:4)
  2 dart slugs
  7 ball pythons
  7 bats
  4 endoplasms
  5 giant cockroaches
  17 goblins
  6 hobgoblins
  10 jackals
  4 kobolds
  4 quokkas
  A frilled lizard (D:2)
  8 rats
92 creatures vanquished.

Notes
Turn   | Place    | Note
-------+----------+-------------------------------------------
     0 | D:1      | AdnanSaban the Gargoyle Fighter began the quest for the
                  | Orb.
     0 | D:1      | Reached XP level 1. HP: 14/14 MP: 1/1
   120 | D:1      | Reached XP level 2. HP: 19/19 MP: 2/2
   738 | D:1      | Reached XP level 3. HP: 24/24 MP: 3/3
   826 | D:2      | Noticed Robin
  1050 | D:2      | Killed Robin
  1122 | D:2      | Reached XP level 4. HP: 21/29 MP: 4/4
  1423 | D:2      | Reached skill level 1 in Dodging
  2208 | D:3      | Found a burning altar of Makhleb.
  2229 | D:3      | Found a bloodstained altar of Trog.
  2251 | D:3      | Reached XP level 5. HP: 33/33 MP: 5/5
  2439 | D:3      | Found a radiant altar of Vehumet.
  3029 | D:4      | Found a glowing drain.
  3064 | Sewer    | Entered a sewer
  3278 | Sewer    | Reached XP level 6. HP: 38/38 MP: 6/6
  3349 | Sewer    | Slain by a river rat

Illustrated notes

Levels and vault maps discovered:
D:1:      ncdulo_wetmaze, layout_loops_cross, minmay_misc_feat_cross
D:2:      layout_basic, nicolae_half_adder, uniq_robin
D:3:      layout_basic, amcnicky_altar_gilded, mainiacjoe_overflow_alcove_4,
          mainiacjoe_overflow_alcove_1
D:4:      nicolae_cairo_tiling_very_big, layout_gridville, lemuel_round_altar,
          portal_sewer_entry_b, enter_ossuary_5
Sewer:    sewer_fruit_machine

Skill      XL: |  1  2  3  4  5  6 |
---------------+-------------------+-----
Armour         | 4 |  4.7
Dodging        | 1 |  1.4
Fighting       | 4 |  4.1
Maces & Flails | 3 |  3.8
Shields        | 4 |  4.0
Stealth        | |  0.2

Action                     |  1- 3 |  4- 6 || total
---------------------------+-------+-------++-------
  Melee: Flail             |   137 |   266 ||   403
 Armour: Scale mail        |   154 |   252 ||   406
  Dodge: Dodged            |   112 |   189 ||   301
  Block: Buckler           |    58 |    65 ||   123

Table legend: (Time is in decaauts)
 A = Elapsed time spent in this place.
 B = Non-inter-level travel time spent in this place.
 C = Inter-level travel time spent in this place.
 D = Time resting spent in this place.
 E = Time spent auto-exploring this place.
 F = Levels seen in this place.
 G = Mean time per level.
                   A        B        C        D        E       F      G
               +--------+--------+--------+--------+--------+-----+--------+
         Total |   3518 |   3326 |    192 |    120 |   2289 |   5 |  703.6 |
       Dungeon |   3169 |   2977 |    192 |    120 |   2109 |   4 |  792.2 |
         Sewer |    349 |    349 |      0 |      0 |    179 |   1 |  349.0 |
               +--------+--------+--------+--------+--------+-----+--------+

Top non-repeatable levels by time:
     D:2: 1137 daAuts
     D:1: 1036 daAuts
     D:3: 797 daAuts
   Sewer: 349 daAuts
     D:4: 197 daAuts
